 Dungeon Crawl Stone Soup version 0.28.0 (webtiles) character file.

Game seed: 6229094986940953515

67 issech the Cudgeller (level 3, -4/36 HPs)
             Began as a Troll Monk on Feb 5, 2022.
             Slain by a hornet zombie (12 damage)
             ... on level 3 of the Dungeon.
             The game lasted 00:04:44 (1774 turns).

issech the Cudgeller (Troll Monk)                   Turns: 1774, Time: 00:04:45

Health: -4/36      AC:  4    Str: 19    XL:     3   Next: 98%
Magic:  2/2        EV: 10    Int:  6    God:
Gold:   87         SH:  0    Dex: 14    Spells: 2/2 levels left

rFire   . . .      SeeInvis +   a - +0 mace
rCold   . . .      Faith    .   (no shield)
rNeg    . . .      Spirit   .   b - +0 robe
rPois   .          Reflect  .   (helmet restricted)
rElec   .          Harm     .   (no cloak)
rCorr   .          Rampage  .   (gloves unavailable)
Will    .....                   (boots unavailable)
Stlth   ++........              (no amulet)
HPRegen 0.92/turn               k - ring of see invisible
MPRegen 0.08/turn               p - ring of flight

@: flying
A: large, unfitting armour, claws 3, regeneration 1, shaggy fur 1, tough skin 1
a: no special abilities


You were on level 3 of the Dungeon.
You visited 1 branch of the dungeon, and saw 3 of its levels.

You collected 87 gold pieces.

Inventory:

Hand Weapons
 a - a +0 mace (weapon)
 m - a +0 hunting sling
 q - a +3 short sword
Missiles
 d - 4 poisoned darts (quivered)
 f - 100 stones
 h - 9 bolts
 o - 37 arrows
Armour
 b - a +0 robe (worn)
Jewellery
 k - a ring of see invisible (left claw)
 p - a ring of flight (right claw)
Scrolls
 c - a scroll of fear {unknown}
 e - a scroll of noise {unknown}
 g - 5 scrolls of amnesia {unknown}
 s - a scroll of vulnerability {unknown}
Potions
 i - 2 potions of flight {unknown}
 j - a potion of degeneration {unknown}
 l - 4 potions of lignification {unknown}
 n - a potion of curing {unknown}
 r - a potion of attraction {unknown}


   Skills:
 + Level 2.8 Fighting
 + Level 3.4 Maces & Flails
 + Level 2.9 Dodging
 + Level 1.2 Stealth


You had 2 spell levels left.
You didn't know any spells.
Your spell library contained the following spells:

 Spells                   Type           Power      Damage    Failure   Level
 Summon Ice Beast         Ice/Summ       0%         N/A       99%         4
 Summon Mana Viper        Hex/Summ       0%         N/A       100%        5
 Monstrous Menagerie      Summ           0%         N/A       100%        7


Dungeon Overview and Level Annotations

Branches:
Dungeon (3/15)

Altars:


Innate Abilities, Weirdness & Mutations

You are too large for most types of armour.
You have claws for hands.
Your natural rate of healing is unusually fast.
You are covered in fur. (AC +1)
You have tough skin. (AC +1)


Message History

You hit the hornet zombie.
The hornet zombie is lightly damaged.
The hornet zombie hits you. x2
You barely miss the hornet zombie.
The hornet zombie is lightly damaged.
The hornet zombie barely misses you.
You hit the ball python.
You kill the ball python!
The hornet zombie misses you.
You hit the hornet zombie but do no damage.
The hornet zombie is lightly damaged.
The hornet zombie hits you.
You barely miss the hornet zombie.
The hornet zombie is lightly damaged.
The hornet zombie hits you. x2
You sock the hornet zombie!
The hornet zombie is moderately damaged.
The hornet zombie hits you but does no damage.
You hit the hornet zombie.
The hornet zombie is heavily damaged.
The hornet zombie hits you.
The hornet zombie hits you but does no damage.
You barely miss the hornet zombie.
The hornet zombie is heavily damaged.
The hornet zombie hits you.
The hornet zombie hits you but does no damage.
You hit the hornet zombie but do no damage.
The hornet zombie is heavily damaged.
The hornet zombie barely misses you.
You hit the hornet zombie.
The hornet zombie is heavily damaged.
The hornet zombie completely misses you.
The hornet zombie closely misses you.
You hit the hornet zombie but do no damage.
The hornet zombie is heavily damaged.
The hornet zombie hits you! x2
* * * LOW HITPOINT WARNING * * *
The hornet zombie closely misses you. The hornet zombie hits you!
You die...

#.# #......# #.#
#..###.# #.# #..#
#.# #.#
##..###.########.
#.#
#................
#.#
#.....#.#.#######
#.# #.....#.#.#
#.#######.......#.#
#......Z@.....###.#
#########.##### #.#
#.#######.#
#.........#
###########


You could see a hornet zombie.

Vanquished Creatures
  A hound skeleton (D:3)
  A worm (D:2)
  9 endoplasms
  5 giant cockroaches
  A hobgoblin (D:1)
  2 jackals (D:2)
  5 kobolds
  2 quokkas (D:3)
  6 ball pythons
  4 bats
  4 frilled lizards
  6 goblins
  3 rats
49 creatures vanquished.

Vanquished Creatures (others)
  3 demonic plants (D:2)
  2 plants (D:2)
  3 withered plants (D:2)
8 creatures vanquished.

Grand Total: 57 creatures vanquished

Notes
Turn   | Place    | Note
-------+----------+-------------------------------------------
     0 | D:1      | issech the Troll Monk began the quest for the Orb.
     0 | D:1      | Reached XP level 1. HP: 22/22 MP: 0/0
   122 | D:1      | Reached skill level 3 in Maces & Flails
   122 | D:1      | Reached XP level 2. HP: 23/29 MP: 1/1
   885 | D:2      | Reached XP level 3. HP: 9/36 MP: 2/2
  1182 | D:2      | Found a faded altar of an unknown god.
  1767 | D:3      | HP: 1/36 [hornet zombie (12)]
  1774 | D:3      | Slain by a hornet zombie

Illustrated notes

Levels and vault maps discovered:
D:1:      saegor_arrival_miasma, layout_loops_ring, minivault_5
D:2:      layout_basic, shapermc_ecumenical_altar_gd
D:3:      layout_loops_corners

Skill      XL: |  1 |
---------------+----+-----
Maces & Flails | 3 |  3.4
Fighting       | |  2.8
Dodging        | |  2.9
Stealth        | |  1.2

Action                   || total
-------------------------++-------
Melee: Mace              ||   146
       Punch             ||     1
 Stab: Sleeping          ||     3
Armor: Robe              ||    56
Dodge: Dodged            ||    83
